 Dungeon Crawl Stone Soup version 0.30.1-4-g462c640d31 (webtiles) character file.

Game seed: 7847103163136688088

885 Babbit the Digger (level 8, -8/63 HPs)
             Began as a Gargoyle Earth Elementalist on Aug 17, 2023.
             Mangled by an orc warrior
             ... wielding a +0 long sword
              (11 damage)
             ... on level 4 of the Dungeon.
             The game lasted 00:36:04 (3562 turns).

Babbit the Digger (Gargoyle Earth Elementalist)     Turns: 3562, Time: 00:36:04

Health: -8/63      AC: 24    Str: 12    XL:     8   Next: 5%
Magic:  9/17       EV:  2    Int: 18    God:
Gold:   163        SH:  0    Dex: 10    Spells: 15/19 levels left

rFire   . . .        s - +2 quarterstaff (chaos)
rCold   . . .        (shield currently unavailable)
rNeg    + . .        w - melded +0 robe {Will+}
rPois   ∞            (helmet currently unavailable)
rElec   .            t - melded +2 cloak {rPois}
rCorr   .            (gloves currently unavailable)
SInv    .            (boots currently unavailable)
Will    .....        (no amulet)
Stlth   ++           (no ring)
HPRegen 0.30/turn    (no ring)
MPRegen 0.15/turn

%: no passive effects
@: tree-form
A: stationary, stasis, torment immunity, boosted hp, sickness immunity, AC +5,
negative energy resistance 1, (electricity resistance), torment resistance 1,
petrification resistance
a: no special abilities


You were on level 4 of the Dungeon.
You were a tree.
You visited 1 branch of the dungeon, and saw 4 of its levels.

You collected 163 gold pieces.

Inventory:

Hand Weapons
 s - a +2 quarterstaff of chaos (weapon)
 u - a +1 hammer of protection
Missiles
 x - 4 boomerangs
Armour
 t - a +2 cloak of poison resistance (melded)
 w - a +0 robe of willpower (melded)
Jewellery
 r - an amulet of guardian spirit
Wands
 n - a wand of polymorph (11)
 y - a wand of digging (8)
 A - a wand of quicksilver (6)
Scrolls
 a - a scroll of blinking
 d - a scroll of silence {unknown}
 e - a scroll of identify
 f - a scroll of amnesia {unknown}
 h - a scroll of immolation {unknown}
 i - a scroll of teleportation {unknown}
 j - a scroll of magic mapping
 k - 2 scrolls of poison
 o - a scroll of brand weapon {unknown}
 p - a scroll of fog {unknown}
Potions
 b - a potion of magic
 c - a potion of cancellation
 g - a potion of lignification
 l - a potion of invisibility {unknown}
 m - a potion of haste {unknown}
 q - a potion of ambrosia {unknown}
 v - a potion of mutation {unknown}
 z - a potion of berserk rage {unknown}


   Skills:
 + Level 0.3 Fighting
 + Level 0.6 Staves
 + Level 2.5 Dodging
 + Level 2.7 Stealth
 + Level 6.2 Spellcasting
 + Level 0.7 Transmutations
 + Level 7.2 Earth Magic


You had 15 spell levels left.
You knew the following spells:

 Your Spells              Type           Power      Damage    Failure   Level
a - Sandblast             Erth           62%        2d14      1%          1
b - Stone Arrow           Conj/Erth      36%        3d9       9%          3

Your spell library contained the following spells:

 Spells                   Type           Power      Damage    Failure   Level
 Passwall                 Tmut/Erth      15%        N/A       3%          2
 Magic Dart               Conj           20%        1d4       12%         1
 Wereblood                Tmut           8%         N/A       13%         2
 Call Imp                 Summ           10%        N/A       19%         2
 Ensorcelled Hibernation  Hex/Ice        10%        N/A       19%         2
 Petrify                  Tmut/Erth      19%        N/A       22%         4
 Spider Form              Tmut/Pois      6%         N/A       30%         3
 Mephitic Cloud           Conj/Pois/Air  5%         N/A       34%         3
 Vhi's Electric Charge    Tloc/Air       10%        N/A       34%         3
 Anguish                  Hex/Necr       2%         N/A       75%         4
 Arcjolt                  Conj/Air       2%         1d12      97%         5
 Plasma Beam              Fire/Air       2%         2x1d14    100%        6
 Summon Hydra             Summ           2%         N/A       100%        7
 Sublimation of Blood     Necr           Unusable   N/A       N/A         2

Dungeon Overview and Level Annotations

Branches:
Dungeon (4/15)
 Temple: D:4-7

Altars:
Ashenzari


Innate Abilities, Weirdness & Mutations

You are a tree.
Your roots penetrate the ground, keeping you stationary.
You cannot be teleported.
You are immune to unholy pain and torment.
Your maximum health is greatly increased.
Your equipment is partially melded.
You are immune to sickness and miasma.
((Your stone body is resilient. (AC +5)))
You are immune to poison.
You resist negative energy. (rN+)
((You are resistant to electric shocks. (rElec)))
You are resistant to unholy torment.
You are immune to petrification.


Message History

Aiming: Sandblast (safe; 1% risk of failure)
Press: ? - help, Q - select action, (/) - cycle Shift-Dir - straight line, f/p - orc warrior
Aim: an orc warrior, wielding a +0 long sword and wearing a +0 chain mail (lightly wounded, 82% to hit)
The blast of sand misses the orc warrior.
The orc warrior hits you with a +0 long sword! x2
Aiming: Sandblast (safe; 1% risk of failure)
Press: ? - help, Q - select action, (/) - cycle Shift-Dir - straight line, f/p - orc warrior
Aim: an orc warrior, wielding a +0 long sword and wearing a +0 chain mail (lightly wounded, 82% to hit)
The blast of sand hits the orc warrior but does no damage.
The orc warrior is lightly wounded.
The orc warrior barely misses you.
Aiming: Sandblast (safe; 1% risk of failure)
Press: ? - help, Q - select action, (/) - cycle Shift-Dir - straight line, f/p - orc warrior
Aim: an orc warrior, wielding a +0 long sword and wearing a +0 chain mail (lightly wounded, 82% to hit)
The blast of sand hits the orc warrior but does no damage.
The orc warrior is lightly wounded.
The orc warrior hits you with a +0 long sword!
* * * LOW HITPOINT WARNING * * *
The orc warrior hits you with a +0 long sword!
* * * LOW HITPOINT WARNING * * *
Really quaff the potion of lignification?
You turn into a tree.
Your +2 cloak of poison resistance melds into your body.
Your +0 robe of willpower melds into your body.
You feel less strong-willed.
Your roots penetrate the ground.
The orc warrior hits you but does no damage.
Aiming: Sandblast (safe; 1% risk of failure)
Press: ? - help, Q - select action, (/) - cycle Shift-Dir - straight line, f/p - orc warrior
Aim: an orc warrior, wielding a +0 long sword and wearing a +0 chain mail (lightly wounded, 82% to hit)
The blast of sand hits the orc warrior!
The orc warrior is heavily wounded.
The orc warrior hits you but does no damage.
Aiming: Sandblast (safe; 1% risk of failure)
Press: ? - help, Q - select action, (/) - cycle Shift-Dir - straight line, f/p - orc warrior
Aim: an orc warrior, wielding a +0 long sword and wearing a +0 chain mail (heavily wounded, 82% to hit)
The blast of sand hits the orc warrior.
The orc warrior is severely wounded.
The orc warrior hits you but does no damage.
The orc warrior hits you with a +0 long sword!
You die...

# .### ### .....
#.#### #...
##...#### #..
#.......#######)#
#..<.......##..#
#.......##.♣o.##
#....##########
######


You could see an orc warrior.

Vanquished Creatures
  Sigmund (D:3)
  The ghost of Tirrikindir the Trooper, an amateur OpFi (D:3)
  A bullfrog zombie (D:3)
  2 orc priests
  Crazy Yiuf (D:2)
  Jessica (D:3)
  An iguana (D:4)
  Terence (D:2)
  Natasha (thrice) (D:3)
  4 orc wizards
  2 gnolls
  8 adders
  A howler monkey skeleton (D:3)
  A shadow imp (D:3)
  2 worms
  4 dart slugs
  14 orcs
  15 ball pythons
  5 endoplasms
  2 giant cockroaches
  A goblin (D:2)
  7 hobgoblins
  3 jackals (D:2)
  3 quokkas
  7 bats
  6 frilled lizards
  7 kobolds
  6 rats
110 creatures vanquished.

Vanquished Creatures (others)
  A ball python (D:3)
1 creature vanquished.

Grand Total: 111 creatures vanquished

Notes
Turn   | Place    | Note
-------+----------+-------------------------------------------
     0 | D:1      | Babbit the Gargoyle Earth Elementalist began the quest for
                  | the Orb.
     0 | D:1      | Reached XP level 1. HP: 10/10 MP: 3/3
    96 | D:1      | Reached XP level 2. HP: 15/15 MP: 1/5
   307 | D:1      | Reached skill level 4 in Earth Magic
   524 | D:1      | Reached XP level 3. HP: 19/19 MP: 4/6
  1131 | D:2      | Reached XP level 4. HP: 24/24 MP: 6/8
  1642 | D:2      | Reached XP level 5. HP: 28/28 MP: 7/10
  1777 | D:2      | Found a runed translucent door.
  1778 | D:2      | Noticed Crazy Yiuf
  1784 | D:2      | Killed Crazy Yiuf
  1785 | D:2      | Reached skill level 5 in Earth Magic
  1914 | D:3      | Noticed Natasha
  1918 | D:3      | Killed Natasha
  2028 | D:2      | Reached XP level 6. HP: 17/32 MP: 6/12
  2213 | D:3      | Noticed Terence
  2235 | D:2      | Killed Terence
  2265 | D:2      | Learned a level 3 spell: Stone Arrow
  2446 | D:3      | Found a transporter.
  2451 | D:3      | Noticed Tirrikindir's ghost (amateur OpFi)
  2478 | D:3      | Found a transporter.
  2516 | D:3      | Noticed Jessica
  2522 | D:3      | Killed Jessica
  2579 | D:3      | Noticed Sigmund
  2584 | D:3      | Noticed Natasha
  2628 | D:2      | Reached skill level 6 in Earth Magic
  2647 | D:3      | Killed Natasha
  2677 | D:3      | Found a broken altar of Ashenzari.
  2709 | D:3      | Reached skill level 5 in Spellcasting
  2709 | D:3      | Reached XP level 7. HP: 26/36 MP: 9/14
  2787 | D:3      | Noticed Natasha
  2796 | D:3      | Killed Natasha
  3184 | D:3      | Killed Sigmund
  3352 | D:3      | Killed Tirrikindir's ghost
  3353 | D:3      | Reached skill level 7 in Earth Magic
  3361 | D:3      | Reached XP level 8. HP: 35/42 MP: 5/17
  3559 | D:4      | HP: 1/42 [orc warrior/+0 long sword (8)]
  3562 | D:4      | Mangled by an orc warrior

Illustrated notes

Levels and vault maps discovered:
D:1:      minmay_arrival_four_circles, layout_loops_ring
D:2:      layout_loops_ring, minmay_snake_closets, uniq_crazy_yiuf_cottage
D:3:      layout_basic, general_overflow_altar, gammafunk_ghost_mausoleum,
          st_stairs_4, nicolae_concentric_dashed_squares_mild, minmay_quantized,
          uniq_sigmund, uniq_terence, uniq_jessica, uniq_natasha
D:4:      layout_cave_pods, mainiacjoe_overflow_catwalk,
          minmay_gold_behind_fungi, minmay_bent

Skill      XL: |  1  2  3  4  5  6  7 |
---------------+----------------------+-----
Earth Magic    | 4 5 6 7 |  7.2
Spellcasting   | 3 4 5 6 |  6.2
Dodging        | 2 |  2.5
Fighting       | |  0.3
Staves         | |  0.6
Stealth        | |  2.7
Transmutations | |  0.7

Action                     |  1- 3 |  4- 6 |  7- 9 || total
---------------------------+-------+-------+-------++-------
  Melee: Quarterstaff      |       |     8 |     6 ||    14
   Cast: Sandblast         |    41 |    87 |    45 ||   173
    Use: Scroll            |     3 |     1 |     3 ||     7
         Potion            |       |       |     2 ||     2
 Armour: Robe              |     1 |    25 |    15 ||    41
         Skin              |       |       |     3 ||     3
  Dodge: Dodged            |     2 |    50 |    24 ||    76
